 Dungeon Crawl Stone Soup version 0.20.1-1-g8b1a95d (webtiles) character file.

156 Jazqa the Skirmisher (level 5, 0/35 HPs)
             Began as a Gargoyle Fighter on Oct 28, 2017.
             Slain by a kobold (2 damage)
             ... on level 3 of the Dungeon.
             The game lasted 00:01:15 (812 turns).

Jazqa the Skirmisher (Gargoyle Fighter)              Turns: 812, Time: 00:01:16

Health: 0/35       AC: 10    Str: 24    XL:     5   Next: 37%
Magic:  5/5        EV:  7    Int:  9    God:
Gold:   33         SH:  9    Dex: 10    Spells: 4/4 levels left

rFire    + . .     SeeInvis .   a - +0 flail
rCold    + . .     Gourm    .   c - +0 shield
rNeg     + . .     Faith    .   b - +0 scale mail
rPois    ∞         Spirit   .   (no helmet)
rElec    +         Reflect  .   (no cloak)
rCorr    +         Harm     .   (no gloves)
MR       .....                  (no boots)
Stlth    ..........             (no amulet)
Regen    0.2/turn               (no ring)
MPRegen  0.1/turn               (no ring)

@: mighty, resistant
A: negative energy resistance 1, electricity resistance, unbreathing,
petrification resistance, rot immunity, AC +4
a: no special abilities


You were on level 3 of the Dungeon.
You were not hungry.

You visited 1 branch of the dungeon, and saw 3 of its levels.

You collected 33 gold pieces.


Innate Abilities, Weirdness & Mutations

You are resistant to torment.
Your stone body is resilient. (AC +4)
You are immune to poison.
You resist negative energy. (rN+)
You are resistant to electric shocks. (rElec)
You can survive without breathing.
You are immune to petrification.
You are immune to rotting.


   Skills:
 + Level 5.0 Fighting
 + Level 4.1 Maces & Flails
 - Level 3.2 Armour
 - Level 3.2 Shields


You had 4 spell levels left.
You didn't know any spells.

Inventory:

Hand Weapons
 a - a +0 flail (weapon)
Armour
 b - a +0 scale mail (worn)
 c - a +0 shield (worn)
Scrolls
 e - 4 scrolls of identify {unknown}
 k - a scroll of enchant armour {unknown}
 l - 2 scrolls of magic mapping {unknown}
 m - 3 scrolls of amnesia {unknown}
Comestibles
 f - a bread ration {@e1}
 g - 2 royal jellies {@e3}
 h - a chunk of flesh
 i - a meat ration {@e1}

Dungeon Overview and Level Annotations

Branches:
Dungeon (2/15)

Altars:

#.#.#.#..#
.........#
..#.#.#.(#
#.......(#
#...#.#rl#
......J)##
..##.g#l#
......Kg#
#.#.#.#@#
.....#..#
..#.#.#.#
.....#..#
....# #.#
##.. ..#
#. #.# #
..#


You could see an ooze, 2 goblins, a kobold, 2 frilled lizards and a rat.


Message History

You closely miss the leopard gecko. The leopard gecko bites you.
* * * LOW HITPOINT WARNING * * *
You block the ooze's attack. You block the frilled lizard's attack.
The rat bites you but does no damage. The leopard gecko barely misses you.
The ooze hits you.
* * * LOW HITPOINT WARNING * * *
Unknown command.
It was a potion of resistance.
You feel protected. You block the frilled lizard's attack.
You block the rat's attack. The leopard gecko bites you.
* * * LOW HITPOINT WARNING * * *
The ooze hits you but does no damage.
You sock the leopard gecko!
You kill the leopard gecko!
The frilled lizard bites you.
* * * LOW HITPOINT WARNING * * *
The rat completely misses you. The ooze hits you but does no damage.
You block the frilled lizard's attack.
Your shield and scale mail prevent you from hitting the goblin.
You block the rat's attack. The goblin hits you but does no damage.
You block the ooze's attack.
The frilled lizard bites you but does no damage.
The rat bites you but does no damage. The goblin completely misses you.
Things that are here:
a club; a hobgoblin corpse The goblin hits you but does no damage.
The kobold hits you.
You die...

Skill      XL: |  1  2  3 |
---------------+----------+-----
Maces & Flails | 4 |  4.1
Fighting       | 5 |  5.0
Armour         | |  3.2
Shields        | |  3.2

Action                   |  1- 3 |  4- 6 || total
-------------------------+-------+-------++-------
Melee: Flail             |    92 |     9 ||   101
  Use: Potion            |     1 |     1 ||     2
Armor: Scale mail        |    59 |    18 ||    77
Dodge: Dodged            |    37 |    12 ||    49
Block: Shield            |    40 |    22 ||    62

Vault maps used:
D:1:      lordsloth_arrival_two_stooges, st_stairs_1, minmay_pentomino_t2
D:2:      st_stairs_3
D:3:      hangedman_decor_riveting

Notes
Turn   | Place    | Note
-------+----------+-------------------------------------------
     0 | D:1      | Jazqa the Gargoyle Fighter began the quest for the Orb.
     0 | D:1      | Reached XP level 1. HP: 14/14 MP: 1/1
   125 | D:1      | Reached XP level 2. HP: 19/19 MP: 2/2
   315 | D:1      | Reached XP level 3. HP: 22/24 MP: 3/3
   332 | D:1      | Reached skill level 3 in Maces & Flails
   504 | D:1      | Reached skill level 4 in Fighting
   787 | D:2      | You fall through a shaft!
   787 | D:3      | Noticed Linguinho's ghost (amateur DEEE)
   798 | D:3      | Killed Linguinho's ghost
   798 | D:3      | Reached skill level 5 in Fighting
   798 | D:3      | Reached skill level 4 in Maces & Flails
   798 | D:3      | Reached XP level 4. HP: 13/31 MP: 4/4
   798 | D:3      | Reached XP level 5. HP: 15/35 MP: 5/5
   805 | D:3      | HP: 3/35 [ooze (2)]
   806 | D:3      | Identified a potion of resistance
   812 | D:3      | Slain by a kobold

Vanquished Creatures
  The ghost of Linguinho the Magician, an amateur DEEE (D:3)
  An adder (D:1)
  A worm (D:2)
  4 dart slugs (D:1)
  2 leopard geckos
  2 bats (D:1)
  A giant cockroach (D:1)
  5 goblins (D:1)
  5 hobgoblins
  2 kobolds (D:1)
  A ball python (D:1)
  5 rats (D:1)
30 creatures vanquished.
